 Dungeon Crawl Stone Soup version 0.29.1-2-gbd0b4ee654 (webtiles) character file.

Game seed: 12840917501976867266

18 LustLizard the Shooter (level 2, -3/14 HPs)
             Began as a Spriggan Hunter on Nov 29, 2022.
             Constricted to death by Terence (4 damage)
             ... on level 2 of the Dungeon.
             The game lasted 00:01:23 (577 turns).

LustLizard the Shooter (Spriggan Hunter)             Turns: 577, Time: 00:01:23

Health: -3/14      AC:  2    Str:  7    XL:     2   Next: 48%
Magic:  3/3        EV: 14    Int: 10    God:
Gold:   28         SH:  0    Dex: 18    Spells: 1/1 levels left

rFire   . . .      SeeInvis +   a - +0 shortbow
rCold   . . .      Faith    .   (shield currently unavailable)
rNeg    . . .      Spirit   .   c - +0 robe
rPois   .          Reflect  .   (helmet restricted)
rElec   .          Harm     .   (no cloak)
rCorr   .          Rampage  .   (gloves unavailable)
Will    .....                   (boots unavailable)
Stlth   ++........              (no amulet)
HPRegen 0.04/turn               (no ring)
MPRegen 0.08/turn               (no ring)

@: grasped by roots, constricted, very quick
A: very small, no large weapons, unfitting armour, see invisible, speed 3
a: no special abilities


You were on level 2 of the Dungeon.
You visited 1 branch of the dungeon, and saw 2 of its levels.

You collected 28 gold pieces.

Inventory:

Hand Weapons
 a - a +0 shortbow (weapon)
Missiles
 g - 3 poisoned darts
Armour
 c - a +0 robe (worn)
Scrolls
 b - a scroll of immolation
 d - a scroll of poison {unknown}
 f - a scroll of identify {unknown}
 i - a scroll of fear {unknown}
Potions
 e - a potion of brilliance {unknown}
 h - a potion of experience {unknown}


   Skills:
 - Level 1.5 Fighting
 * Level 4.5 Ranged Weapons
 - Level 2.6 Dodging
 + Level 2.6 Stealth


You had one spell level left.
You didn't know any spells.
Your spell library contained the following spells:

 Spells                   Type           Power      Damage    Failure   Level
 Beastly Appendage        Tmut           0%         N/A       36%         1
 Wereblood                Tmut           0%         N/A       50%         2
 Spider Form              Tmut/Pois      0%         N/A       75%         3


Dungeon Overview and Level Annotations

Branches:
Dungeon (2/15)

Altars:

Shops:
D:2 :

Annotations:
D:2 Terence


Innate Abilities, Weirdness & Mutations

You are very small and have problems with some larger weapons.
You are too small for most types of armour.
You have supernaturally acute eyesight. (SInv)
You cover ground extremely quickly. (Speed+++)


Message History

You shoot an arrow. The arrow barely misses the kobold.
You shoot an arrow. The arrow hits the kobold.
You kill the kobold!
No target in view!
Done exploring.
Done exploring.
There is a stone staircase leading down here.
You climb downwards.
There is a stone staircase leading up here.
Found Gacec's Book Emporium.
There is an entrance to Gacec's Book Emporium here.
You can access your shopping list by pressing '$'.
A ball python comes into view.
Found a viscous ruby potion.
A ball python is nearby!
You shoot an arrow. The arrow hits the ball python!
You kill the ball python!
No target in view!
No target in view!
You see here a ball python corpse.
h - a viscous ruby potion
i - a scroll labelled XUMO UDGHULUCH A dart slug comes into view.
You shoot an arrow. The arrow hits the dart slug.
The dart slug is heavily wounded.
You hear a shout! x2
Terence the Incautious comes into view.
He is wielding a +0 trident and carrying a wand of roots (5).
You shoot an arrow. The arrow barely misses Terence.
Terence barely misses you. The dart slug launches a dart at you.
The slug dart misses you.
You shoot an arrow. The arrow closely misses Terence.
Terence zaps a wand.
The roots erupt in riotous growth!
The grasping roots grab you! The grasping roots constrict you.
The roots grasp on you weakens, but your attempt to escape fails.
Terence hits you from afar with a +0 trident!
Ouch! That really hurt!
* * * LOW HITPOINT WARNING * * *
The grasping roots constrict you.
You die...

## ...
.... .....
.....@####
..w....@.#
...)...#.#
.......#.#
.......#.#
.......#.#
######.#.#
#.#.#
#.#.#
#.#.#


You could see Terence and a dart slug.

Vanquished Creatures
  3 ball pythons
  A bat (D:1)
  A giant cockroach (D:1)
  2 goblins (D:1)
  A quokka (D:1)
  2 frilled lizards (D:1)
  4 kobolds (D:1)
  2 rats (D:1)
16 creatures vanquished.

Notes
Turn   | Place    | Note
-------+----------+-------------------------------------------
     0 | D:1      | LustLizard the Spriggan Hunter began the quest for the Orb.
     0 | D:1      | Reached XP level 1. HP: 10/10 MP: 2/2
   127 | D:1      | Reached XP level 2. HP: 14/14 MP: 3/3
   505 | D:2      | Found Gacec's Book Emporium.
   574 | D:2      | Noticed Terence
   577 | D:2      | Constricted to death by Terence

Illustrated notes

Levels and vault maps discovered:
D:1:      dpeg_arrival_erosion, layout_rooms
D:2:      layout_basic, serial_shops, nicolae_shop_trees, uniq_terence,
          uniq_sigmund

Skill      XL: |  1 |
---------------+----+-----
Stealth        | 2 |  2.6
Fighting       | |  1.5
Ranged Weapons | |  4.5
Dodging        | |  2.6

Action                   || total
-------------------------++-------
 Fire: Shortbow          ||    42
Armor: Robe              ||     2
Dodge: Dodged            ||    14
